 Dungeon Crawl Stone Soup version 0.19.1-1-g22dce08 (webtiles) character file.

1065 ponk the Spear-Bearer (level 8, -3/58 HPs)
             Began as a Demonspawn Abyssal Knight on Jan 18, 2017.
             Was a Believer of Lugonu.
             Succumbed to a gnoll's poison
             ... on level 5 of the Dungeon.
             The game lasted 00:16:02 (6823 turns).

ponk the Spear-Bearer (Demonspawn Abyssal Knight)   Turns: 6823, Time: 00:16:02

Health: -3/58      AC: 12    Str: 19    XL:     8   Next: 6%
Magic:  5/9        EV:  7    Int: 14    God:    Lugonu [**....]
Gold:   229        SH:  0    Dex: 13    Spells: 0 memorised, 7 levels left

rFire  . . .     SeeInvis .     c - +0 scythe
rCold  + . .     Gourm    .     d - +0 chain mail
rNeg   . . .     Faith    .     (shield currently unavailable)
rPois  .         Spirit   +     (no helmet)
rElec  .         Reflect  .     e - +1 cloak
rCorr  .         Harm     .     (no gloves)
MR     .....                    (no boots)
Stlth  ..........               (no amulet)
                                (no ring)
                                (no ring)

@: mighty, lethally poisoned (-3 -> -69), flying
A: hooves 1, molten scales 1, cold resistance 1, magic shield
a: Depart the Abyss, Bend Space, Renounce Religion


You were on level 5 of the Dungeon.
You worshipped Lugonu.
Lugonu was pleased with you.
You were not hungry.

You visited 1 branch of the dungeon, and saw 5 of its levels.
You visited the Abyss 1 time.

You collected 229 gold pieces.

Inventory:

Hand Weapons
 a - a +1 spear
 c - a +0 scythe (weapon)
 t - a +0 blowgun
Missiles
 u - 9 poisoned needles
Armour
 d - a +0 chain mail (worn)
 e - a +1 cloak (worn)
 o - a +2 shield
Wands
 b - a wand of heal wounds (1/9)
 h - a wand of flame (18/48)
 s - a wand of slowing (33/48)
 v - a wand of digging (10/24)
 C - a wand of lightning (7/15)
Scrolls
 g - a scroll of enchant armour
 j - 3 scrolls of random uselessness {unknown}
 m - 4 scrolls of remove curse
 n - 3 scrolls of amnesia {unknown}
 q - a scroll of immolation {unknown}
 y - 2 scrolls of magic mapping {unknown}
 D - a scroll of blinking {unknown}
Potions
 k - a potion of flight
 x - a potion of agility {unknown}
 z - 2 potions of curing {unknown}
 B - a potion of brilliance {unknown}
Comestibles
 f - 2 beef jerkies
 i - a royal jelly
 l - a meat ration
 p - 3 fruits
 r - 3 bread rations
 w - a slice of pizza
 E - a chunk of flesh


   Skills:
 - Level 3.2 Fighting
 + Level 8.7 Polearms
 - Level 1.9 Armour
 - Level 0.8 Dodging
 - Level 2.6 Invocations


You had 7 spell levels left.
You didn't know any spells.

Dungeon Overview and Level Annotations

Branches:
Dungeon (5/15)
 Temple: D:4-7

Altars:
Ashenzari
Elyvilon
Vehumet
Xom
Zin
The Shining One


Innate Abilities, Weirdness & Mutations

You have large cloven feet.
You are partially covered in molten scales. (AC +2)
Your flesh is cold resistant. (rC+)
When hurt, damage is shared between your health and your magic reserves.


Message History

The gnoll hits you but does no damage.
You are more poisoned.
The gnoll barely misses you. The gnoll hits you but does no damage.
You are more poisoned.
The gnoll hits you but does no damage.
You slice the gnoll!!
You kill the gnoll!
Lugonu accepts your kill.
* * * LOW HITPOINT WARNING * * *
You feel extremely sick.
The gnoll hits you from afar with a spear of venom.
* * * LOW HITPOINT WARNING * * *
You are more poisoned.
It was a potion of flight.
You feel very buoyant.
You fly up into the air.
* * * LOW HITPOINT WARNING * * *
You feel very sick. The gnoll barely misses you.
You die...

##...###...........####.#
##.................#..##
##..###...#######....#
##..## ##..#####.....##
##..## ##.........##.#
#...# #.........####
.#.## ##...####.## #.##
##...##.†..# ..###
##.......@..#
....####.......g...#
###................#
..###..............# .##
###.............# ##
#............... #
#.............#.. #
##...........#####
##...#.......##


You could see a gnoll.

Vanquished Creatures
  Duvessa (D:5)
  A phantom (D:4)
  A sky beast (D:5)
  A necrophage (D:5)
  An ogre (D:4)
  Dowan (D:5)
  A water moccasin skeleton (D:5)
  A howler monkey (D:4)
  A crimson imp (D:5)
  3 jellies (D:5)
  A hound (D:4)
  2 orc wizards (D:3)
  A worker ant (D:4)
  An iguana (D:5)
  5 gnolls
  4 adders
  A shadow imp (D:5)
  An adder zombie (D:5)
  3 worms
  A dart slug (D:2)
  5 leopard geckos
  6 orcs
  2 ball pythons
  13 bats
  2 giant cockroaches
  5 hobgoblins
  11 jackals
  3 quokkas
  2 frilled lizards
  5 goblins
  7 kobolds
  A quokka zombie (D:5)
  10 rats
104 creatures vanquished.

Vanquished Creatures (others)
  Sigmund (D:2)
  A goblin (D:2)
2 creatures vanquished.

Grand Total: 106 creatures vanquished

Notes
Turn   | Place    | Note
-------+----------+-------------------------------------------
     0 | Abyss:1  | ponk the Demonspawn Abyssal Knight began the quest for the Orb.
     0 | Abyss:1  | Reached XP level 1. HP: 18/18 MP: 2/2
    57 | Abyss:1  | Noticed a rust devil
    67 | Abyss:1  | Noticed a neqoxec
    98 | Abyss:1  | Noticed a starcursed mass
   105 | D:1      | Escaped the Abyss
   213 | D:1      | Found a glowing golden altar of the Shining One.
   435 | D:1      | Gained mutation: You have large cloven feet. [demonic ancestry]
   435 | D:1      | Reached XP level 2. HP: 20/24 MP: 3/3
   438 | D:1      | Reached skill level 2 in Polearms
   602 | D:1      | Reached * piety under Lugonu
   995 | D:2      | Found a radiant altar of Vehumet.
  1110 | D:2      | Noticed Sigmund
  1413 | D:2      | HP: 1/24 [something/puff of flame (12)]
  1850 | D:2      | Killed Sigmund
  2069 | D:2      | Gained mutation: You are partially covered in molten scales. (AC +2) [demonic ancestry]
  2069 | D:2      | Reached XP level 3. HP: 27/29 MP: 4/4
  2233 | D:2      | Reached skill level 3 in Polearms
  2726 | D:2      | Reached XP level 4. HP: 25/35 MP: 5/5
  3898 | D:2      | Reached skill level 4 in Polearms
  4284 | D:3      | Reached ** piety under Lugonu
  4284 | D:3      | Reached XP level 5. HP: 29/41 MP: 6/6
  4712 | D:3      | Reached skill level 5 in Polearms
  4877 | D:4      | Noticed an ogre
  4881 | D:4      | Killed an ogre
  4881 | D:4      | Gained mutation: When hurt, damage is shared between your health and your magic reserves. [demonic ancestry]
  4881 | D:4      | Reached XP level 6. HP: 47/47 MP: 7/7
  4995 | D:4      | Reached skill level 6 in Polearms
  5084 | D:4      | Found a shattered altar of Ashenzari.
  5188 | D:4      | Found a white marble altar of Elyvilon.
  5188 | D:4      | Found a glowing silver altar of Zin.
  5238 | D:4      | Found a shimmering altar of Xom.
  5505 | D:5      | Entered Level 5 of the Dungeon
  5726 | D:5      | Reached skill level 7 in Polearms
  5726 | D:5      | Reached XP level 7. HP: 52/52 MP: 8/8
  6115 | D:5      | Noticed Duvessa
  6129 | D:5      | Noticed Dowan
  6131 | D:5      | Killed Duvessa
  6141 | D:5      | Killed Dowan
  6141 | D:5      | Reached skill level 8 in Polearms
  6707 | D:5      | Gained mutation: Your flesh is cold resistant. (rC+) [demonic ancestry]
  6707 | D:5      | Reached XP level 8. HP: 37/58 MP: 7/9
  6822 | D:5      | HP: 2/58 [poisoned by a gnoll]
  6823 | D:5      | Succumbed to a gnoll's poison

Skill      XL: |  1  2  3  4  5  6  7 |
---------------+----------------------+-----
Polearms       | 2 3 4 5 7 8 |  8.7
Fighting       | |  3.2
Armour         | |  1.9
Dodging        | |  0.8
Invocations    | |  2.6

Action                   |  1- 3 |  4- 6 |  7- 9 || total
-------------------------+-------+-------+-------++-------
Melee: Spear             |   165 |    79 |       ||   244
       Kick              |    12 |    38 |    28 ||    78
       Scythe            |       |   180 |    84 ||   264
Invok: Depart the Abyss  |     1 |       |       ||     1
  Use: Potion            |     1 |     1 |     3 ||     5
       Scroll            |       |     5 |       ||     5
  Eat: Chunk             |     1 |     5 |     1 ||     7
       Bread ration      |     1 |     2 |       ||     3
Armor: Ring mail         |    56 |   153 |       ||   209
       Scale mail        |       |    11 |    36 ||    47
       Chain mail        |       |       |    45 ||    45
Dodge: Dodged            |    71 |   167 |    38 ||   276
Block: Shield            |    28 |       |       ||    28
